 Seeded DCSS version 0.32-a0-473-gd044c6f0f0 (webtiles) character file.

Game seed: 3342665431591073458 (custom seed)

135 CougarLife the Digger (level 5, -2/28 HPs)
             Began as a Gargoyle Earth Elementalist on Feb 26, 2024.
             Was a Follower of Vehumet.
             Slain by Crazy Yiuf
             ... wielding a +4 quarterstaff of chaos
              (16 damage)
             ... on level 2 of the Dungeon.
             The game lasted 00:01:47 (2156 turns).

CougarLife the Digger (Gargoyle Earth Elementalist) Turns: 2156, Time: 00:01:48

Health: -2/28      AC:  6    Str: 11    XL:     5   Next: 18%
Magic:  7/9        EV: 11    Int: 18    God:    Vehumet [*.....]
Gold:   50         SH:  0    Dex: 10    Spells: 6/10 levels left

rFire   . . .        d - +0 mace (holy)
rCold   . . .        (no shield)
rNeg    + . .        a - +0 robe rPois โˆž
                     (no helmet)
rElec   +            (no cloak)
rCorr   .            (no gloves)
SInv    .            (no boots)
Will    .....        (no amulet)
Stlth   ++           (no ring)
HPRegen 0.24/turn    (no ring)
MPRegen 0.11/turn

%: no passive effects
@: weak-willed, fragile (+50% incoming damage)
A: sickness immunity, AC +4, negative energy resistance 1, electricity
resistance, torment resistance 1, petrification resistance
a: Renounce Religion


You were on level 2 of the Dungeon.
You worshipped Vehumet.
Vehumet was aware of your devotion.
You visited 1 branch of the dungeon, and saw 2 of its levels.

You collected 50 gold pieces.

Inventory:

Hand Weapons
 d - a +0 mace of holy wrath (weapon)
Armour
 a - a +0 robe (worn)
Jewellery
 h - a ring of positive energy
 l - a ring of resist corrosion
Wands
 m - a wand of polymorph (6)
Scrolls
 c - 2 scrolls of teleportation {unknown}
 e - a scroll of amnesia {unknown}
 g - 5 scrolls of identify {unknown}
 j - a scroll of brand weapon {unknown}
Potions
 b - a potion of magic
 f - a potion of heal wounds {unknown}
 i - a potion of lignification {unknown}
 k - a potion of might {unknown}


   Skills:
 - Level 1.5 Dodging
 - Level 2.1 Stealth
 + Level 3.2 Spellcasting
 + Level 3.1 Conjurations
 + Level 4.9 Earth Magic


You had 6 spell levels left.
You knew the following spells:

 Your Spells              Type           Power      Damage    Failure   Level
a - Sandblast             Erth           40%        2d10      2%          1
b - Stone Arrow           Conj/Erth      34%        3d9       10%         3

Your spell library contained the following spells:

 Spells                   Type           Power      Damage    Failure   Level
 Passwall                 Erth           20%        N/A       6%          3
 Shock                    Conj/Air       32%        1d5       9%          1
 Sting                    Conj/Alch      32%        1d5       9%          1
 Apportation              Tloc           4%         N/A       16%         1
 Necrotise                Necr           8%         1d4       16%         1
 Summon Small Mammal      Summ           8%         N/A       16%         1
 Brom's Barrelling Bould  Conj/Erth      17%        2d4       30%         4
 Swiftness                Air            2%         N/A       43%         3
 Petrify                  Alch/Erth      11%        N/A       50%         4
 Airstrike                Air            1%         2d(1-17)  85%         4
 Ignite Poison            Fire/Alch      2%         N/A       85%         4
 Freezing Cloud           Conj/Ice/Air   3%         6-21      96%         5
 Cigotuvi's Dreadful Rot  Necr/Alch/Air  Unusable   N/A       N/A         2

Dungeon Overview and Level Annotations

Branches:
Dungeon (2/15)

Altars:
Vehumet

Annotations:
D:2 Crazy Yiuf


Innate Abilities, Weirdness & Mutations

You are immune to sickness and miasma.
Your stone body is resilient. (AC +4)
You are immune to poison.
You resist negative energy. (rN+)
You are resistant to electric shocks. (rElec)
You are resistant to unholy torment.
You are immune to petrification.


Message History

You feel Natasha's spirit has finally been put to rest.
Your Conjurations skill increases to level 3!
You have reached level 5!
Magic restored.
m - a wand of polymorph (6)
You enter the shallow water.
Moving in this stuff is going to be slow.
You see here a +0 club.
Found a hammer.
Found a runed translucent door.
Crazy Yiuf shouts!
Crazy Yiuf twirls on the spot.
Crazy Yiuf waves his quarterstaff at you.
You see here 4 large rocks.
There is an open door here.
There is an open door here.
There is an open door here.
You see here 4 large rocks.
Could not explore, unopened runed door.
You open the door.
Casting: Sandblast (safe; 2% risk of failure)
Confirm with . or Enter, or press ? or * to list all spells.
Aiming: Sandblast (safe; 2% risk of failure)
Press: ? - help, Shift-Dir - straight line, f - Crazy Yiuf
Aim: Crazy Yiuf, wielding a +4 quarterstaff of chaos and wearing a +0 cloak (85% to hit)
The blast of sand hits Crazy Yiuf.
Crazy Yiuf is moderately wounded.
Crazy Yiuf hits you with a +4 quarterstaff of chaos!
Your willpower is stripped away!
Crazy Yiuf hits you with a +4 quarterstaff of chaos!
Your body becomes as fragile as glass!
Casting: Sandblast (safe; 2% risk of failure)
Confirm with . or Enter, or press ? or * to list all spells.
Aiming: Sandblast (safe; 2% risk of failure)
Press: ? - help, Shift-Dir - straight line, f/p - Crazy Yiuf
Aim: Crazy Yiuf, wielding a +4 quarterstaff of chaos and wearing a +0 cloak (moderately wounded, 85% to hit)
The blast of sand hits Crazy Yiuf!
Crazy Yiuf is almost dead.
Crazy Yiuf hits you with a +4 quarterstaff of chaos!
Ouch! That really hurt!
You die...

#######.####
#......######.###
...........#
######..........>
#######.####
#.######.##.
###....# ##### #.#
#.##. #......#
#)..# #.# ####.##.
# #......# #...#
#.# #....##. #
#....### ... ###
#.#####. # #....#
#g# #.#####. #
#....# #@##
#.....#. # ###.##
##.# #######.#. #
###)# #.##
#.....#.#.
#####...#### ##.#
##.....#.#.
'..........# ##.##
#...(..#.#.
####.......#
##...# #......#.#.
# #.......# #....#
#......#...
#....#.## #....#
##...~.~.โ‰ˆ..
#...รท#.######..##
#....~..โ‰ˆ...


You could see Crazy Yiuf.

Vanquished Creatures
  Natasha (thrice) (D:2)
  Robin (D:2)
  3 dart slugs
  7 ball pythons (D:1)
  2 endoplasms (D:2)
  2 giant cockroaches
  7 goblins
  6 hobgoblins
  4 jackals (D:1)
  A quokka (D:1)
  A bat (D:1)
  A frilled lizard (D:1)
  2 kobolds (D:2)
  8 rats
48 creatures vanquished.

Notes
Turn   | Place    | Note
-------+----------+-------------------------------------------
     0 | D:1      | CougarLife the Gargoyle Earth Elementalist began the quest
                  | for the Orb.
     0 | D:1      | Reached XP level 1. HP: 10/10 MP: 3/3
    72 | D:1      | Reached XP level 2. HP: 8/15 MP: 0/5
   286 | D:1      | You fall into a shaft and drop 1 floor!
   286 | D:2      | Found a radiant altar of Vehumet.
   293 | D:2      | Became a worshipper of Vehumet
   401 | D:1      | Reached skill level 4 in Earth Magic
   531 | D:1      | Reached XP level 3. HP: 19/19 MP: 4/6
  1019 | D:1      | Learned a level 3 spell: Stone Arrow
  1168 | D:2      | Reached * piety under Vehumet
  1168 | D:2      | Offered knowledge of Sting by Vehumet.
  1532 | D:2      | Noticed Robin
  1540 | D:2      | Killed Robin
  1541 | D:2      | Reached XP level 4. HP: 22/24 MP: 1/8
  1789 | D:2      | Noticed Natasha
  1794 | D:2      | Killed Natasha
  1892 | D:2      | Noticed Natasha
  1934 | D:2      | Killed Natasha
  1989 | D:2      | Noticed Natasha
  1992 | D:2      | Killed Natasha
  1993 | D:2      | Reached XP level 5. HP: 28/28 MP: 6/9
  2070 | D:2      | Found a runed translucent door.
  2071 | D:2      | Noticed Crazy Yiuf
  2156 | D:2      | Slain by Crazy Yiuf

Illustrated notes

Levels and vault maps discovered:
D:1:      minmay_arrival_stair_chambers, layout_loops_cross
D:2:      layout_basic, basic_altar, chequers_serial_rivers_marsh, uniq_robin,
          uniq_natasha, uniq_crazy_yiuf_cottage

Skill      XL: |  1  2  3  4 |
---------------+-------------+-----
Earth Magic    | 4 |  4.9
Conjurations   | 2 3 |  3.1
Spellcasting   | 3 |  3.2
Dodging        | |  1.5
Stealth        | |  2.1

Action                     |  1- 3 |  4- 6 || total
---------------------------+-------+-------++-------
  Melee: Mace              |    17 |     2 ||    19
         Unarmed           |       |     4 ||     4
   Cast: Sandblast         |    58 |    13 ||    71
 Armour: Robe              |    30 |     7 ||    37
         Skin              |       |     1 ||     1
  Dodge: Dodged            |    26 |     4 ||    30

Table legend: (Time is in decaauts)
 A = Elapsed time spent in this place.
 B = Non-inter-level travel time spent in this place.
 C = Inter-level travel time spent in this place.
 D = Time resting spent in this place.
 E = Time spent auto-exploring this place.
 F = Levels seen in this place.
 G = Mean time per level.
                   A        B        C        D        E       F      G
               +--------+--------+--------+--------+--------+-----+--------+
         Total |   2198 |   2183 |     15 |    337 |   1537 |   2 | 1099.0 |
       Dungeon |   2198 |   2183 |     15 |    337 |   1537 |   2 | 1099.0 |
               +--------+--------+--------+--------+--------+-----+--------+

Top non-repeatable levels by time:
     D:2: 1200 daAuts
     D:1: 997 daAuts
